 Dungeon Crawl Stone Soup version 0.17-a0-854-g4a4ba72 (webtiles) character file.

101 esc the Conjurer (level 4, -4/21 HPs)
             Began as a Spriggan Conjurer on Apr 28, 2015.
             Was an Initiate of Vehumet.
             Killed from afar by Ijyb (23 damage)
             ... with a wand of cold
             ... on level 3 of the Dungeon.
             The game lasted 00:09:40 (2942 turns).

esc the Conjurer (Spriggan Conjurer)                Turns: 2942, Time: 00:09:41

Health: -4/21      AC:  2    Str:  4    XL:     4   Next: 48%
Magic:  1/9        EV: 18    Int: 17    God:    Vehumet [......]
Gold:   140        SH:  0    Dex: 16    Spells: 2 memorised, 4 levels left

rFire  + . .     SeeInvis +     n - +0 short sword
rCold  . . .     Clarity  .     f - +0 robe {rF+}
rNeg   . . .     SustAb   .     (shield restricted)
rPois  .         Gourm    .     (helmet restricted)
rElec  .         Spirit   .     (no cloak)
rCorr  .         Warding  .     (gloves unavailable)
rMut   .         Stasis   .     (boots unavailable)
MR     .....                    e - amulet of faith {Faith, !P}
Stlth  +++.......               (no ring)
                                (no ring)

@: very quick, not resistant to hostile enchantments, fairly stealthy
A: unfitting armour, see invisible, herbivore 3, speed 3, slow metabolism 2
a: Renounce Religion


You were on level 3 of the Dungeon.
You worshipped Vehumet.
Vehumet was noncommittal.
You were not hungry.

You visited 1 branch of the dungeon, and saw 4 of its levels.

You collected 140 gold pieces.

Inventory:

Hand weapons
 n - a +0 short sword (weapon)
   (You found it on level 1 of the Dungeon)
Missiles
 k - a throwing net {=f, !d}
Armour
 f - a +0 robe of fire resistance (worn)
   (You found it on level 1 of the Dungeon)
Magical staves
 o - an uncursed staff of death {rN+}
   (You found it on level 3 of the Dungeon)
Jewellery
 e - an amulet of faith (around neck) {Faith, !P}
   (You found it on level 1 of the Dungeon)
Magical devices
 q - a wand of flame (29)
   (You took it off a hobgoblin on level 3 of the Dungeon)
Scrolls
 m - a scroll of fear {unknown}
 p - a scroll of noise {unknown}
Potions
 a - a potion of curing
 d - 2 potions of heal wounds
 g - a potion of flight
 h - 2 potions of resistance
 i - 2 potions of restore abilities
 l - a potion of brilliance
Books
 b - a book of Conjurations
Comestibles
 c - 2 bread rations {@e1}
 j - 8 fruits


   Skills:
 - Level 3.0 Dodging
 - Level 3.0 Stealth
 - Level 2.6 Spellcasting
 + Level 4.5 Conjurations


You had 4 spell levels left.
You knew the following spells:

 Your Spells              Type           Power        Failure   Level  Hunger
a - Magic Dart            Conj           ###.         2%          1    #......
b - Dazzling Spray        Conj/Hex       #.......     24%         3    ###....


Dungeon Overview and Level Annotations

Branches:
Dungeon (4/15)
 Temple: D:4-7

Altars:
Elyvilon
Ru
Vehumet

Annotations:
D:3 Ijyb; RobertPalmer's ghost, average KoHu


Innate Abilities, Weirdness & Mutations

You are tiny and cannot use many weapons and most armour.
You have supernaturally acute eyesight.
You are a herbivore.
You cover ground extremely quickly.
You need consume almost no food.


Message History

Aim: an adder (heavily wounded)
The magic dart hits the adder.
You now have 5/9 mp.
You feel sick.
You take 1 damage, and have 12/21 hp.
Aim: an adder (severely wounded)
The magic dart hits the adder.
You kill the adder!
You now have 5/9 mp.
You feel sick.
You take 1 damage, and have 12/21 hp.
m - a scroll labeled SILEYZI GIJUXO You feel sick.
You are no longer poisoned.
You take 1 damage, and have 11/21 hp.
A ball python comes into view.
p - a scroll labeled ISIYXO UR OHO
Found an escape hatch in the floor.
q - a wand of flame
There is a radiant altar of Vehumet here.
You kneel at the altar of Vehumet.
Vehumet welcomes you!
Your amulet flashes!
You start resting.
A rat comes into view.
MP restored: 9
Aim: a rat (hasn't noticed you)
The magic dart hits the rat.
You kill the rat!
Vehumet accepts your kill.
You now have 8/9 mp.
You start resting.
A giant cockroach comes into view.
You regained 5 hp, and now have 18/21 hp.
MP restored: 9
Aim: a giant cockroach (clinging, hasn't noticed you)
The magic dart hits the giant cockroach.
You now have 8/9 mp.
Aim: a giant cockroach (severely wounded)
The magic dart hits the giant cockroach.
You now have 7/9 mp.
Aim: a giant cockroach (severely wounded)
The magic dart hits the giant cockroach.
You kill the giant cockroach!
Vehumet accepts your kill.
You now have 6/9 mp.
You start resting.
Health restored: 21; MP restored: 9 You now have 140 gold pieces (gained 10).
Things that are here:
a dagger; a kobold corpse A ball python comes into view.
Aim: a ball python The magic dart hits the ball python.
You now have 8/9 mp.
Aim: a ball python (severely wounded)
The magic dart hits the ball python.
You kill the ball python!
Vehumet accepts your kill.
You now have 7/9 mp.
Okay, then.
You see here 28 stones.
Ijyb the Twisted Goblin comes into view.
He is wielding a club.
You see here 7 gold pieces.
Aim: Ijyb, wielding a club (resting)
The magic dart hits Ijyb.
Ijyb shouts!
You now have 6/9 mp.
Aim: Ijyb, wielding a club (lightly wounded)
The magic dart hits Ijyb.
A hobgoblin comes into view. It is wielding a club.
You now have 5/9 mp.
Aim: Ijyb, wielding a club (lightly wounded)
The puff of flame misses Ijyb.
The puff of flame hits the hobgoblin.
You kill the hobgoblin!
Vehumet accepts your kill.
Evoking this partially-identified wand wasted a few charges.
Aim: Ijyb, wielding a club (lightly wounded)
The spray of energy hits Ijyb.
Ijyb is dazzled.
You now have 3/9 mp.
Aim: Ijyb, wielding a club (heavily wounded, blind)
The magic dart hits Ijyb.
You now have 2/9 mp.
Aim: Ijyb, wielding a club (severely wounded, blind)
The magic dart hits Ijyb.
You now have 1/9 mp.
You miss Ijyb. Ijyb closely misses you.
You closely miss Ijyb. You hit Ijyb. Ijyb misses you.
You closely miss Ijyb.
Ijyb is no longer blind.
Ijyb hits you with a club.
You take 2 damage, and have 19/21 hp.
Aim: Ijyb, wielding a club (severely wounded)
The magic dart hits Ijyb.
Ijyb closely misses you.
You now have 0/9 mp.
Ijyb screams, "I no like you!"
Ijyb zaps a wand.
The bolt of cold misses you.
It is a wand of cold.
Ijyb zaps a wand.
The bolt of cold hits you!
Ouch! That really hurt!
You die...

....#.#### ........... ....#.#
#.......... #.###.#
######......... ..#
#..##.###.......#..#..####.###
##)#.................$..$....#
#............#......g........#
#....................(.)†....#
#...<......#._.#.............#
###....#........@...>........#
###........#...............#
####......................
##.....................
##..............######
#####..........##.###
##.........#.#####.#
#.........##.......##
#.........#######...#


You could see Ijyb.

Vanquished Creatures
  2 gnolls (D:2)
  4 adders
  A worm (D:2)
  2 orcs
  6 goblins
  8 hobgoblins
  6 kobolds
  A ball python (D:3)
  3 bats (D:2)
  3 giant cockroaches
  2 giant newts
  7 rats
45 creatures vanquished.

Notes
Turn   | Place    | Note
--------------------------------------------------------------
     0 | D:1      | esc, the Spriggan Conjurer, began the quest for the Orb.
     0 | D:1      | Reached XP level 1. HP: 9/9 MP: 5/5
    43 | D:1      | Reached skill level 3 in Conjurations
   627 | D:1      | Reached XP level 2. HP: 13/13 MP: 4/6
  1564 | D:2      | Reached XP level 3. HP: 16/16 MP: 2/8
  1799 | D:2      | Reached skill level 4 in Conjurations
  1805 | D:2      | Learned a level 3 spell: Dazzling Spray
  1825 | D:2      | Found a white marble altar of Elyvilon.
  1926 | D:2      | Found a sacrificial altar of Ru.
  2116 | D:3      | Noticed RobertPalmer's ghost (average KoHu)
  2333 | D:3      | Reached XP level 4. HP: 21/21 MP: 1/9
  2597 | D:3      | Found a radiant altar of Vehumet.
  2741 | D:3      | Became a worshipper of Vehumet
  2925 | D:3      | Noticed Ijyb
  2942 | D:3      | Killed from afar by Ijyb

Action                   |  1- 3 |  4- 6 || total
-------------------------+-------+-------++-------
Melee: Short sword       |     8 |     4 ||    12
 Cast: Magic Dart        |    91 |    31 ||   122
       Dazzling Spray    |     3 |     4 ||     7
Evoke: Wand              |       |     1 ||     1
  Use: Scroll            |    10 |       ||    10
  Eat: Royal jelly       |       |     1 ||     1

Vault maps used:
D:1:      dpeg_arrival_more_subterranean_lakeside_camping
D:2:      lemuel_round_altar, nicolae_ru_sacrificial_ziggurat
D:3:      vehumet_altar_wand_db, uniq_iyjb
D:4:      roderic_lattice_a

Table legend:
 A = Turns spent in this place as a percentage of turns spent in the entire game.
 B = Non-inter-level travel turns spent in this place as a percentage of non-inter-level travel turns spent in the entire game.
 C = Inter-level travel turns spent in this place as a percentage of turns spent in this place.
 D = Turns resting spent in this place as a percentage of non-inter-level travel turns spent in this place.
 E = Turns spent auto-exploring this place as a percentage of non-inter-level travel turns spent in this place.
 F = Non-inter-level travel turns spent in this place divided by the number of levels of this place that you've seen.
                   A       B       C       D       E      F
               +-------+-------+-------+-------+-------+----------------------
         Total | 100.0 | 100.0 |   1.1 |  10.8 |  11.9 | 141.0
       Dungeon | 100.0 | 100.0 |   1.1 |  10.8 |  11.9 | 141.0
               +-------+-------+-------+-------+-------+----------------------

Table legend:
 A = Kills in this place as a percentage of kills in entire the game.
 B = Kills by you in this place as a percentage of kills by you in the entire game.
 C = Kills by friends in this place as a percentage of kills by friends in the entire game.
 D = Other kills in this place as a percentage of other kills in the entire game.
 E = Experience gained in this place as a percentage of experience gained in the entire game.
 F = Experience gained in this place divided by the number of levels of this place that you have seen.
                   A       B       C       D       E      F
               +-------+-------+-------+-------+-------+----------------------
         Total | 100.0 | 100.0 |  -nan |  -nan | 100.0 |  36.2
       Dungeon | 100.0 | 100.0 |  -nan |  -nan | 100.0 |  36.2
               +-------+-------+-------+-------+-------+----------------------
